 Dungeon Crawl Stone Soup version 0.28.0-43-g3370ac3207 (webtiles) character file.

Game seed: 8079193421154485191

2410 pkoi the Grappler (level 9, 0/89 HPs)
             Began as a Troll Gladiator on Mar 22, 2022.
             Was a Follower of Cheibriados.
             Slain by Maggie
             ... wielding a +2 war axe of flaming
              (1 damage)
             ... on level 8 of the Dungeon.
             The game lasted 00:05:38 (5913 turns).

pkoi the Grappler (Troll Gladiator)                 Turns: 5913, Time: 00:05:38

Health: 0/89       AC:  9    Str: 26    XL:     9   Next: 23%
Magic:  9/9        EV: 10    Int: 10    God:    Cheibriados [*.....]
Gold:   318        SH:  0    Dex: 13    Spells: 6/8 levels left

rFire   . . .      SeeInvis .     - Unarmed
rCold   . . .      Faith    .   (no shield)
rNeg    . . .      Spirit   .   a - +0 robe
rPois   .          Reflect  .   b - +1 hat
rElec   .          Harm     .   (no cloak)
rCorr   .          Rampage  .   (gloves unavailable)
Will    .....                   (boots unavailable)
Stlth   +.........              (no amulet)
HPRegen 1.04/turn               n - +4 ring of protection
MPRegen 0.11/turn               (no ring)

@: mesmerised, very slow
A: large, unfitting armour, claws 3, regeneration 1, shaggy fur 1, tough skin 1,
mutation resistance 1
a: Renounce Religion, Bend Time


You were on level 8 of the Dungeon.
You worshipped Cheibriados.
Cheibriados was aware of your devotion.
You visited 2 branches of the dungeon, and saw 9 of its levels.

You collected 318 gold pieces.

Inventory:

Hand Weapons
 h - a +0 whip of flaming
Missiles
 c - 3 throwing nets (quivered)
 g - 5 poisoned darts
 t - 2 boomerangs
Armour
 a - a +0 robe (worn)
 b - a +1 hat (worn)
Jewellery
 n - a +4 ring of protection (left claw)
Wands
 p - a wand of iceblast (7)
Scrolls
 k - a scroll of brand weapon
 s - a scroll of teleportation
Potions
 e - 3 potions of curing
 f - a potion of lignification
 i - a potion of heal wounds {unknown}
 j - 2 potions of attraction {unknown}
 l - 2 potions of berserk rage
 m - a potion of haste {unknown}
 o - a potion of resistance {unknown}
 q - a potion of degeneration {unknown}
 r - 2 potions of ambrosia {unknown}


   Skills:
 - Level 6.0 Fighting
 - Level 1.7 Throwing
 - Level 2.4 Dodging
 * Level 10.6 Unarmed Combat
 + Level 1.6 Invocations


You had 6 spell levels left.
You knew the following spells:

 Your Spells              Type           Power      Damage    Failure   Level
a - Passwall              Tmut/Erth      0%         N/A       50%         2

Your spell library contained the following spells:

 Spells                   Type           Power      Damage    Failure   Level
 Magic Dart               Conj           0%         1d3       36%         1
 Sandblast                Erth           0%         2d4       36%         1
 Searing Ray              Conj           0%         2d4       50%         2
 Stone Arrow              Conj/Erth      0%         3d7       75%         3
 Tukima's Dance           Hex            0%         N/A       75%         3
 Anguish                  Hex/Necr       0%         N/A       98%         4
 Fulminant Prism          Conj/Hex       0%         3d6       98%         4
 Enfeeble                 Hex            0%         N/A       100%        7


Dungeon Overview and Level Annotations

Branches:
Dungeon (8/15)             Temple (1/1) D:6
   Lair: D:8-11

Altars:
Ashenzari
Cheibriados
Dithmenos
Fedhas
Gozag
Makhleb
Nemelex Xobeh
Qazlal
Xom
Yredelemnul
Lugonu

Annotations:
D:4 2 transporters
D:8 Maggie


Innate Abilities, Weirdness & Mutations

You are too large for most types of armour.
You have claws for hands.
Your natural rate of healing is unusually fast.
You are covered in fur. (AC +1)
You have tough skin. (AC +1)
You are somewhat resistant to further mutation.


Message History

You claw Maggie!
Maggie is lightly wounded.
The lemure barely misses you.
You closely miss Maggie.
Maggie is lightly wounded.
Maggie hits you with a +2 war axe of flaming!
* * * LOW HITPOINT WARNING * * *
Maggie burns you.
* * * LOW HITPOINT WARNING * * *
You completely miss Maggie.
Maggie is lightly wounded.
The lemure hits you but does no damage. Maggie gestures at you while chanting.
The bolt of fire hits you!
* * * LOW HITPOINT WARNING * * *
You barely miss Maggie.
Maggie is lightly wounded.
The lemure hits you!
* * * LOW HITPOINT WARNING * * *
Unknown command.
Okay, then.
It was a potion of magic.
Magic courses through your body.
Maggie mumbles some strange words.
Maggie attempts to bespell you!
You are mesmerised by Maggie!
You claw Maggie!
Maggie is moderately wounded.
The lemure misses you.
You scratch Maggie.
Maggie is moderately wounded.
Maggie hits you with a +2 war axe of flaming!
* * * LOW HITPOINT WARNING * * *
Maggie burns you.
* * * LOW HITPOINT WARNING * * *
It was a potion of berserk rage.
You are too mesmerised to rage.
The lemure completely misses you.
Maggie hits you with a +2 war axe of flaming!
* * * LOW HITPOINT WARNING * * *
Maggie burns you.
You die...

....# ....##
............#. .....#
............. ....#
...........# ....#
........... ....####
.......... ...)...####
.<.......
...###....######@5......
..## ##......##.@# .##
##(.........## ##
#...........#
##...........#
#............#
#............##
##............#
#........##....#
##......###......#


You could see Maggie (mesmerising, slow) and a lemure (slow).

Vanquished Creatures
  Prince Ribbit (D:8)
  Sigmund (D:6)
  Menkaure (D:6)
  3 water moccasins
  2 ice beasts
  An orc warrior (D:6)
  A black bear (D:6)
  3 centaurs
  A phantom (D:6)
  2 scorpions
  A wyvern zombie (D:7)
  A water moccasin zombie (D:5)
  2 water moccasin skeletons
  2 howler monkeys
  3 hounds
  2 jellies
  2 orc priests
  A centaur zombie (D:7)
  4 iguanas
  3 orc wizards
  A hound zombie (D:5)
  A howler monkey zombie (D:6)
  4 adders
  A shadow imp (D:6)
  2 ufetubi
  8 orcs
  2 bats (D:2)
  3 endoplasms
  2 giant cockroaches (D:4)
  7 goblins
  9 hobgoblins
  3 jackals (D:1)
  3 kobolds (D:1)
  4 quokkas
  5 ball pythons
  3 frilled lizards
  9 rats
104 creatures vanquished.

Vanquished Creatures (others)
  A demonic plant (Temple)
  17 fungi (D:6)
18 creatures vanquished.

Grand Total: 122 creatures vanquished

Notes
Turn   | Place    | Note
-------+----------+-------------------------------------------
     0 | D:1      | pkoi the Troll Gladiator began the quest for the Orb.
     0 | D:1      | Reached XP level 1. HP: 19/19 MP: 0/0
   220 | D:1      | Reached XP level 2. HP: 28/28 MP: 1/1
   516 | D:1      | Found a faded altar of an unknown god.
   753 | D:1      | Reached XP level 3. HP: 34/35 MP: 2/2
   789 | D:2      | Reached skill level 4 in Unarmed Combat
   816 | D:2      | Noticed a scorpion
   824 | D:2      | Killed a scorpion
   825 | D:2      | Reached XP level 4. HP: 21/44 MP: 3/3
  1025 | D:2      | Gained mutation: You are somewhat resistant to further
                  | mutation. [potion of mutation]
  1247 | D:2      | Found a basalt altar of Yredelemnul.
  1550 | D:3      | Noticed a water moccasin
  1556 | D:3      | Killed a water moccasin
  1557 | D:3      | Reached skill level 5 in Unarmed Combat
  1557 | D:3      | Reached XP level 5. HP: 53/53 MP: 4/4
  1585 | D:3      | Found an opulent altar of Gozag.
  2177 | D:4      | Found a transporter.
  2245 | D:4      | Found a transporter.
  2566 | D:4      | Reached XP level 6. HP: 57/61 MP: 5/5
  2901 | D:5      | Entered Level 5 of the Dungeon
  2909 | D:5      | Reached skill level 6 in Unarmed Combat
  3547 | D:6      | Noticed an orc warrior
  3845 | D:6      | Reached skill level 7 in Unarmed Combat
  3845 | D:6      | Reached XP level 7. HP: 59/68 MP: 6/6
  3904 | D:6      | Identified the +6 trident of Dried Tears {vorpal, Contam
                  | rPois Dex+5}
  4298 | D:6      | Learned a level 2 spell: Passwall
  4464 | D:6      | Reached skill level 8 in Unarmed Combat
  4509 | D:6      | Found a staircase to the Ecumenical Temple.
  4513 | D:6      | Reached XP level 8. HP: 70/79 MP: 7/7
  4529 | Temple   | Entered the Ecumenical Temple
  4646 | Temple   | Became a worshipper of Cheibriados the Contemplative
  4704 | D:6      | Noticed Menkaure
  4709 | D:6      | Killed Menkaure
  4749 | D:6      | Noticed Sigmund
  4754 | D:6      | Killed Sigmund
  4755 | D:6      | Reached skill level 5 in Fighting
  4755 | D:6      | Reached skill level 9 in Unarmed Combat
  5542 | D:7      | Reached skill level 10 in Unarmed Combat
  5599 | D:7      | Reached * piety under Cheibriados
  5600 | D:7      | Reached XP level 9. HP: 89/89 MP: 8/8
  5684 | D:8      | Noticed Prince Ribbit
  5690 | D:8      | Killed Prince Ribbit
  5691 | D:8      | Reached skill level 1 in Invocations
  5896 | D:8      | Noticed Maggie
  5913 | D:8      | HP: 1/89 [Maggie/+2 war axe of flaming (7)]
  5913 | D:8      | Slain by Maggie

Illustrated notes

Levels and vault maps discovered:
D:1:      evilmike_arrival_hilbert_curve, layout_loops_ring,
          chequers_ecumenical_altar_island
D:2:      layout_basic, basic_altar
D:3:      layout_loops_corners, mainiacjoe_overflow_cross_hatched
D:4:      gammafunk_steamed_eel, layout_basic
D:5:      layout_cave_pods
D:6:      layout_basic, temple_fountains, serial_aquarium,
          aquarium_bridge_square [aquarium_subvault_window,
          aquarium_subvault_bridge, aquarium_subvault_window,
          aquarium_subvault_wall], aquarium_window_corridor_3,
          aquarium_window_1, aquarium_window_fake, aquarium_window_1,
          aquarium_view_2a, aquarium_view_2e, aquarium_pool_2,
          item_on_display_a, uniq_menkaure, uniq_sigmund
D:7:      layout_loops_cross
D:8:      layout_cave_pods, nicolae_overflow_hallway_of_the_gods, uniq_maggie,
          uniq_psyche, uniq_pikel, uniq_maurice, uniq_prince_ribbit1
Temple:   kb_corrupted_temple

Skill      XL: |  1  2  3  4  5  6  7  8  9 |
---------------+----------------------------+-----
Fighting       | 2 3 4 5 6 |  6.0
Unarmed Combat | 4 5 7 8 10 | 10.6
Invocations    | 1 |  1.6
Throwing       | |  1.7
Dodging        | |  2.4

Action                   |  1- 3 |  4- 6 |  7- 9 || total
-------------------------+-------+-------+-------++-------
Melee: Unarmed           |    71 |   107 |   138 ||   316
       Punch             |     2 |     2 |     3 ||     7
 Cast: Passwall          |       |       |     2 ||     2
Invok: Bend Time         |       |       |     2 ||     2
  Use: Potion            |       |     3 |     2 ||     5
       Scroll            |       |    10 |       ||    10
Armor: Robe              |    14 |    25 |    68 ||   107
Dodge: Dodged            |    34 |    47 |    73 ||   154
